 Dungeon Crawl Stone Soup version 0.20.0-15-g7f486f2 (webtiles) character file.

422 renl the Cleaver (level 6, -7/56 HPs)
             Began as a Hill Orc Monk on June 28, 2017.
             Was a Believer of Okawaru.
             Mangled by Pikel
             ... wielding a +2 whip of electrocution
              (20 damage)
             ... on level 5 of the Dungeon.
             The game lasted 00:15:39 (4006 turns).

renl the Cleaver (Hill Orc Monk)                    Turns: 4006, Time: 00:15:39

Health: -7/56      AC: 15    Str: 16    XL:     6   Next: 95%
Magic:  4/6        EV: 12    Int: 10    God:    Okawaru [**....]
Gold:   338        SH:  0    Dex: 13    Spells: 5/5 levels left

rFire    . . .     SeeInvis .   v - +0 war axe
rCold    . . .     Gourm    .   (no shield)
rNeg     . . .     Faith    .   b - +0 chain mail (curse)
rPois    .         Spirit   .   (no helmet)
rElec    .         Reflect  .   p - +0 cloak
rCorr    .         Harm     .   u - +2 pair of gloves
MR       .....                  (no boots)
Stlth    ..........             (no amulet)
Regen    0.2/turn               y - +2 ring of evasion
MPRegen  0.1/turn               (no ring)

@: heroism
A: no striking features
a: Heroism, Renounce Religion


You were on level 5 of the Dungeon.
You worshipped Okawaru.
Okawaru was pleased with you.
You were not hungry.

You visited 2 branches of the dungeon, and saw 6 of its levels.

You collected 338 gold pieces.

Inventory:

Hand Weapons
 v - a +0 war axe (weapon)
Armour
 b - a cursed +0 chain mail (worn)
 p - a +0 cloak (worn)
 u - a +2 pair of gloves (worn)
Jewellery
 y - a +2 ring of evasion (left hand)
Wands
 a - a wand of lightning (1/15)
 q - a wand of confusion (18/48)
Scrolls
 d - 7 scrolls of identify {unknown}
 e - 3 scrolls of remove curse {unknown}
 f - a scroll of fog {unknown}
 h - a scroll of noise {unknown}
 k - 2 scrolls of magic mapping {unknown}
 n - a scroll of enchant weapon {unknown}
 o - a scroll of teleportation {unknown}
 r - a scroll of blinking {unknown}
 w - 4 scrolls of immolation {unknown}
 A - a scroll of fear {unknown}
Potions
 g - a potion of brilliance {unknown}
 j - 3 potions of berserk rage {unknown}
 l - 3 potions of lignification {unknown}
 t - a potion of ambrosia {unknown}
 x - 2 potions of invisibility {unknown}
Comestibles
 c - 4 bread rations
 i - 4 meat rations
 m - 3 fruits
 s - 3 royal jellies
 z - 4 chunks of flesh


   Skills:
 + Level 5.2(10.2) Fighting
 + Level 8.3(13.3) Axes
 + Level 2.3(7.3) Armour
 - Level 2.4(7.4) Dodging
 - Level 1.5(6.5) Stealth
 + Level 0.6 Evocations


You had 5 spell levels left.
You didn't know any spells.

Dungeon Overview and Level Annotations

Branches:
Dungeon (5/15)             Temple (1/1) D:4

Altars:
Ashenzari
Cheibriados
Elyvilon
Fedhas
Gozag
Hepliaklqana
Kikubaaqudgha
Makhleb
Nemelex Xobeh
Okawaru
Ru
Sif Muna
Trog
Vehumet
Xom
Yredelemnul
Zin
The Shining One

Annotations:
D:3 bande's ghost, amateur MiBe
D:5 Pikel


Message History

Pikel is heavily wounded.
You closely miss the slave.
Your chain mail prevents you from hitting the slave.
The slave hits you but does no damage. x2; Pikel barely misses you.
The slave hits you but does no damage.
You hit Pikel but do no damage.
Pikel is moderately wounded.
You completely miss the slave.
You hit the slave. x2; The slave hits you.
The slave closely misses you. Pikel closely misses you. The slave hits you.
You hit Pikel.
Pikel is heavily wounded.
You closely miss the slave. You hit the slave. x2
The slave barely misses you. x2; Pikel hits you but does no damage.
You are electrocuted!
The slave hits you.
* * * LOW HITPOINT WARNING * * *
The slave completely misses you.
You gain the combat prowess of a mighty hero.
The slave hits you but does no damage. Pikel hits you but does no damage.
You are electrocuted!
You die...

.........###......## ##.####
........##.......## ##.....####
....##.....>..#...## #..........
....####.....###...####..........
....## #....## #.................
.....# ##...# #.................
..<..## #...####.####............
......###...##.pp## ##...........
...##..##.....pK@.## #...........
...##...#...##.p#..# ##..........
....##....## ##.#### ###########
...........# #. ..........## ##
..........# ........###
........## ..........#


You could see Pikel and 4 slaves.

Vanquished Creatures
  An ogre (D:4)
  A howler monkey (D:4)
  2 hounds
  An orc wizard (D:4)
  3 worker ants
  5 adders
  2 oozes
  A worm (D:2)
  2 dart slugs (D:1)
  2 leopard geckos
  5 orcs
  5 giant cockroaches
  12 goblins
  7 hobgoblins
  7 jackals
  5 kobolds
  2 quokkas
  A ball python (D:3)
  7 bats
  4 frilled lizards
  9 rats
84 creatures vanquished.

Notes
Turn   | Place    | Note
-------+----------+-------------------------------------------
     0 | D:1      | renl the Hill Orc Monk began the quest for the Orb.
     0 | D:1      | Reached XP level 1. HP: 19/19 MP: 1/1
   121 | D:1      | Reached XP level 2. HP: 27/27 MP: 2/2
   876 | D:2      | Reached XP level 3. HP: 33/33 MP: 3/3
   946 | D:2      | Found a shimmering altar of Xom.
   947 | D:2      | Found a shimmering altar of Xom.
   947 | D:2      | Found a shimmering altar of Xom.
   948 | D:2      | Found a shimmering altar of Xom.
   972 | D:2      | Reached skill level 5 in Axes
   973 | D:2      | Found a shimmering altar of Xom.
  1021 | D:2      | Found a shimmering altar of Xom.
  1024 | D:2      | Found a shimmering altar of Xom.
  1025 | D:2      | Found a shimmering altar of Xom.
  1254 | D:2      | Found a burning altar of Makhleb.
  1488 | D:2      | Reached XP level 4. HP: 41/41 MP: 4/4
  1652 | D:3      | Noticed bande's ghost (amateur MiBe)
  1818 | D:3      | Reached skill level 6 in Axes
  1818 | D:3      | Reached skill level 1 in Armour
  1957 | D:3      | Reached XP level 5. HP: 47/47 MP: 5/5
  2747 | D:4      | Noticed an ogre
  2755 | D:4      | Killed an ogre
  2755 | D:4      | Reached skill level 5 in Fighting
  2755 | D:4      | Reached skill level 7 in Axes
  2766 | D:4      | Reached XP level 6. HP: 53/56 MP: 6/6
  3044 | D:4      | Reached skill level 8 in Axes
  3069 | D:4      | Found a staircase to the Ecumenical Temple.
  3078 | Temple   | Entered the Ecumenical Temple
  3282 | Temple   | Became a worshipper of Warmaster Okawaru
  3282 | Temple   | Reached * piety under Okawaru
  3282 | Temple   | Reached ** piety under Okawaru
  3580 | D:4      | Found a deep blue altar of Sif Muna.
  3786 | D:5      | Entered Level 5 of the Dungeon
  3818 | D:5      | Noticed a slave
  3818 | D:5      | Noticed a slave
  3819 | D:5      | Noticed Pikel
  3998 | D:5      | Noticed a slave
  3998 | D:5      | Noticed a slave
  4006 | D:5      | Mangled by Pikel

Skill      XL: |  1  2  3  4  5  6 |
---------------+-------------------+-----
Fighting       | 4 5 |  5.2
Axes           | 5 6 7 8 |  8.3
Armour         | 1 2 |  2.3
Dodging        | |  2.4
Stealth        | |  1.5
Evocations     | |  0.6

Action                   |  1- 3 |  4- 6 || total
-------------------------+-------+-------++-------
Melee: Hand axe          |   134 |    90 ||   224
       War axe           |       |    86 ||    86
Invok: Heroism           |       |     1 ||     1
Evoke: Wand              |       |     3 ||     3
  Eat: Chunk             |     2 |     8 ||    10
Armor: Robe              |    16 |       ||    16
       Chain mail        |    28 |    89 ||   117
       Ring mail         |     4 |       ||     4
Dodge: Dodged            |    85 |    70 ||   155
